 Dungeon Crawl Stone Soup version 0.17-a0-1945-gfe993df (webtiles) character file.

27 Kuldar the Skirmisher (level 2, -1/18 HPs)
             Began as a Deep Elf Abyssal Knight on Oct 1, 2015.
             Was a Follower of Lugonu.
             Slain by an adder (2 damage)
             ... on level 2 of the Dungeon.
             The game lasted 00:04:27 (1243 turns).

Kuldar the Skirmisher (Deep Elf Abyssal Knight)     Turns: 1243, Time: 00:04:27

Health: -1/18      AC:  3    Str:  9 (14) XL:     2   Next: 93%
Magic:  5/5        EV: 12    Int: 15 (16) God:    Lugonu [*.....]
Gold:   26         SH:  0    Dex: 11 (12) Spells: 0 memorised, 1 level left

rFire  . . .     SeeInvis .     a - +1 falchion
rCold  . . .     Clarity  .     b - +0 leather armour
rNeg   . . .     SustAt   .     (no shield)
rPois  .         Gourm    .     (no helmet)
rElec  .         Spirit   .     h - +1 cloak
rCorr  .         Warding  .     (no gloves)
rMut   .         Stasis   .     (no boots)
MR     .....                    (no amulet)
Stlth  +.........               (no ring)
                                (no ring)

@: mighty, lethally poisoned (-1 -> -15), not resistant to hostile enchantments,
very unstealthy
A: blurry vision 3, clumsy 1, deformed body, deterioration 1, subdued magic 2,
MP-powered wands
a: Depart the Abyss, Renounce Religion


You were on level 2 of the Dungeon.
You worshipped Lugonu.
Lugonu was aware of your devotion.
You were not hungry.

You visited 1 branch of the dungeon, and saw 2 of its levels.
You visited the Abyss 1 time.

You collected 26 gold pieces.

Inventory:

Hand weapons
 a - a +1 falchion (weapon)
 d - a +1 short sword of electrocution
Armour
 b - a +0 leather armour (worn)
 h - a +1 cloak (worn)
Scrolls
 f - a scroll of identify {unknown}
Comestibles
 c - a bread ration


   Skills:
 * Level 2.7 Fighting
 * Level 2.2 Long Blades
 * Level 1.0 Armour
 * Level 2.6 Dodging
 * Level 2.4 Invocations


You had one spell level left.
You didn't know any spells.

Dungeon Overview and Level Annotations

Branches:
Dungeon (2/15)

Altars:
Ashenzari


Innate Abilities, Weirdness & Mutations

[Scrolls take you much longer to read.]
[You are clumsy. (Dex -2)]
[Armour fits poorly on your strangely shaped body.]
[Your body sometimes deteriorates upon taking damage.]
[Your spells are easier to cast, but less powerful.]
[You expend magic power (3 MP) to strengthen your wands.]


Message History

Okay, then.
You closely miss the adder.
The adder is heavily wounded.
You feel sick. The adder bites you.
* * * LOW HITPOINT WARNING * * *
Your body deteriorates!
You feel dopey.
You are more poisoned.
The adder poisons you!
Unknown command.
Drink which item? (? for menu, Esc to quit)
It was a potion of might.
You feel very mighty all of a sudden.
* * * LOW HITPOINT WARNING * * *
You feel sick. The adder closely misses you.
Drink which item? (? for menu, Esc to quit)
It was a potion of degeneration.
There was something very wrong with that liquid.
You feel weakened.
* * * LOW HITPOINT WARNING * * *
You feel sick. The adder bites you.
You die...

...........###.##
#............รท...##
.. #.#........#.######
...#.#.##......##.# #
...#.#.######.###.# #
.....#... ... ##.# #
.##.....# #### #..# #
..>....S## #.## #
#......@.# #.# #
###.....########.# #
.##..............# #
........###...#..#####
# ..#.....#
##.........### .
##....# #.............
#....# ##...<....####
###### ##########


You could see an adder.

Vanquished Creatures
  An adder (D:2)
  An ooze (D:2)
  2 goblins (D:1)
  A ball python (D:1)
  4 bats (D:1)
  A giant cockroach (D:1)
  A giant gecko (D:1)
  A giant newt (D:2)
  2 kobolds (D:1)
  3 rats (D:1)
17 creatures vanquished.

Vanquished Creatures (others)
  3 starspawn tentacles (Abyss:1)
3 creatures vanquished.

Grand Total: 20 creatures vanquished

Notes
Turn   | Place    | Note
--------------------------------------------------------------
     0 | Abyss:1  | Kuldar the Deep Elf Abyssal Knight began the quest for the Orb.
     0 | Abyss:1  | Reached XP level 1. HP: 13/13 MP: 4/4
    31 | Abyss:1  | Noticed a large abomination
    38 | Abyss:1  | Noticed a wretched star
    45 | Abyss:1  | Noticed a tentacled starspawn
    51 | Abyss:1  | Noticed a lich
    57 | D:1      | Escaped the Abyss
    99 | D:1      | Found a shattered altar of Ashenzari.
   438 | D:1      | Acquired Lugonu's first power
   554 | D:1      | Reached XP level 2. HP: 8/18 MP: 5/5
   918 | D:2      | Reached skill level 1 in Armour
  1243 | D:2      | Slain by an adder

Vault maps used:
D:1:      dpeg_arrival_yet_another_circle, ashenzari_altar_1
D:2:      elyvilon_altar_5, bloody_trog

Action                   || total
-------------------------++-------
Melee: Falchion          ||    53
       Short sword       ||    14
Invok: Depart the Abyss  ||     1
  Use: Potion            ||     2
  Eat: Chunk             ||     1
